 Dungeon Crawl Stone Soup version 0.23.2-40-g277498a001 (webtiles) character file.

Game seed: 7037237546359233658

2020 MalarOregon the Spear-Bearer (level 9, -1/69 HPs)
             Began as a Merfolk Skald on Aug 14, 2019.
             Slain by a death yak (21 damage)
             ... on level 8 of the Dungeon on Aug 15, 2019.
             The game lasted 00:14:42 (7414 turns).

MalarOregon the Spear-Bearer (Merfolk Skald)        Turns: 7414, Time: 00:14:42

Health: -1/69      AC:  8    Str: 17    XL:     9   Next: 23%
Magic:  14/14      EV: 19    Int: 14    God:
Gold:   395        SH:  0    Dex: 13    Spells: 6/15 levels left

rFire    . . .     SeeInvis +   O - +7 war axe of Lothrola {chop, *Drain Str+4}
rCold    . . .     Gourm    .   (no shield)
rNeg     . . .     Faith    .   b - +0 leather armour
rPois    .         Spirit   .   L - +0 helmet
rElec    .         Reflect  .   l - +0 cloak
rCorr    .         Harm     .   (no gloves)
MR       .....                  I - +2 pair of boots
Stlth    +.........             (no amulet)
HPRegen  0.21/turn              k - +3 ring of evasion
MPRegen  0.14/turn              z - ring of see invisible

@: about to teleport
A: change form in water, swift swim, stealthy swim
a: no special abilities


You were on level 8 of the Dungeon.
You were not hungry.

You visited 2 branches of the dungeon, and saw 9 of its levels.

You collected 395 gold pieces.

Inventory:

Hand Weapons
 a - a +1 trident of venom
   (You took it off an orc on level 5 of the Dungeon)
 t - a +2 dagger of holy wrath
   (You took it off a goblin on level 2 of the Dungeon)
 F - a +0 trident
   (You took it off a kobold on level 2 of the Dungeon)
 O - the +7 war axe of Lothrola (weapon) {chop, *Drain Str+4}
   (You found it on level 6 of the Dungeon)

   It inflicts extra damage upon your enemies.
   It affects your strength (+4).
   It causes draining when unequipped.
Missiles
 s - 6 poisoned javelins
 K - a poisoned tomahawk (quivered)
 M - 2 throwing nets {!f}
Armour
 b - a +0 leather armour (worn)
 l - a +0 cloak (worn)
   (You found it on level 1 of the Dungeon)
 D - a scarf of repulsion
   (You found it on level 3 of the Dungeon)
 I - a +2 pair of boots (worn)
   (You found it on level 5 of the Dungeon)
 L - a +0 helmet (worn)
   (You found it on level 5 of the Dungeon)
Jewellery
 c - a +3 ring of protection {unknown}
   (You found it on level 6 of the Dungeon)
 k - a +3 ring of evasion (left hand)
   (You found it on level 1 of the Dungeon)
 z - a ring of see invisible (right hand)
   (You found it on level 1 of the Dungeon)
 E - a cursed amulet of inaccuracy
   (You found it on level 4 of the Dungeon)
 J - an uncursed ring of wizardry {unknown}
   (You found it on level 5 of the Dungeon)
Wands
 P - a wand of polymorph (7)
   (You found it on level 7 of the Dungeon)
 Q - a wand of enslavement (7)
   (You found it on level 7 of the Dungeon)
Scrolls
 f - 5 scrolls of teleportation {@r4}
 h - 3 scrolls of enchant armour {unknown}
 i - a scroll of immolation {!r}
 j - 3 scrolls of remove curse {@r2}
 u - 2 scrolls of blinking {unknown}
 v - 8 scrolls of identify {@r1}
 w - 2 scrolls of random uselessness
 x - a scroll of magic mapping {unknown}
 y - a scroll of fog {unknown}
 A - a scroll of enchant weapon
Potions
 d - a potion of magic {unknown}
 g - a potion of cancellation {unknown}
 m - a potion of invisibility {unknown}
 n - a potion of berserk rage {unknown}
 o - 2 potions of flight {unknown}
 p - 3 potions of haste {unknown}
 q - 3 potions of brilliance {unknown}
 r - a potion of resistance {unknown}
 B - a potion of mutation {unknown}
 C - 2 potions of agility {unknown}
 G - 3 potions of heal wounds {unknown}
 H - a potion of degeneration {unknown}
Comestibles
 e - 15 rations {!d}
 R - a chunk of flesh


   Skills:
 * Level 6.1 Fighting
 * Level 8.2 Polearms
 + Level 3.5 Throwing
 + Level 2.7 Armour
 * Level 7.4 Dodging
 + Level 3.8 Spellcasting
 - Level 5.0 Charms


You had 6 spell levels left.
You knew the following spells:

 Your Spells              Type           Power        Failure   Level  Hunger
a - Infusion              Chrm           ###.         3%          1    None
e - Regeneration          Chrm/Necr      #.........   26%         3    ###....
q - Shroud of Golubria    Chrm/Tloc      #.........   13%         2    ##.....
t - Spectral Weapon       Hex/Chrm       #.......     26%         3    ###....

Your spell library contained the following spells:

 Spells                   Type           Power        Failure   Level  Hunger
 Song of Slaying          Chrm           ###.....     4%          2    ##.....
 Sandblast                Erth           #.....       24%         1    None
 Passwall                 Tmut/Erth      #.......     34%         2    ##.....
 Stone Arrow              Conj/Erth      #.....       56%         3    ###....
 Petrify                  Tmut/Erth      #.......     93%         4    ####...
 Lee's Rapid Deconstruct  Erth           #.........   100%        5    ######.


Dungeon Overview and Level Annotations

Branches:
Dungeon (8/15)             Temple (1/1) D:5
   Lair: D:8-11

Altars:
Ashenzari
Cheibriados
Dithmenos
Elyvilon
Hepliaklqana
Kikubaaqudgha
Makhleb
Nemelex Xobeh
Okawaru
Qazlal
Ru
Sif Muna
Trog
Uskayaw
Vehumet
Wu Jian
Xom
Yredelemnul
Zin
The Shining One

Shops:
D:7 [


Message History

Wisps of shadow whirl around you...
It was a scroll of summoning.
Your quokka bites the death yak.
The death yak gores your quokka!!
Your quokka dies!
Your quokka's corpse dissolves into shadows!
You swap places.
A death yak comes into view.
You swap places.
The death yak gores your worker ant zombie!!
Your worker ant zombie bites the death yak but does no damage.
The death yak snorts and paws the ground.
The death yak closely misses your worker ant zombie.
Your worker ant zombie bites the death yak.
The death yak gores your worker ant zombie.
Your worker ant zombie is destroyed!
The death yak gores your ice beast.
Your ice beast hits the death yak.
Your ice beast freezes the death yak.
The death yak gores your ice beast.
Your ice beast hits the death yak but does no damage.
The death yak closely misses your ice beast.
Your ice beast hits the death yak but does no damage.
The death yak gores your ice beast!!
Your ice beast dies!
As you read the scroll labeled DOBO JAVUI, it crumbles to dust.
It is a scroll of enchant weapon.
Your +0 trident of venom glows red for a moment.
Okay, then.
As you read the scroll labeled FERRUMUIMI, it crumbles to dust.
The dust glows shining leaf green!
It was a scroll of random uselessness.
As you read the scroll labeled FIVETI AWUENK, it crumbles to dust.
The creatures around you are filled with an inner flame!
It was a scroll of immolation.
You barely miss the death yak. The death yak gores you!!
* * * LOW HITPOINT WARNING * * *
The death yak snorts and paws the ground.
Okay, then.
The death yak snorts and paws the ground.
The death yak's inner flame fades away.
As you read the scroll labeled JIESTE IFO, it crumbles to dust.
It is a scroll of identify.
E - a cursed amulet of inaccuracy The death yak gores you!!
* * * LOW HITPOINT WARNING * * *
The death yak's inner flame fades away.
As you read the scroll labeled MIFAZX SARU, it crumbles to dust.
You feel as if something is helping you.
It was a scroll of remove curse.
As you read the scroll labeled RUANEZ NAIVY, it crumbles to dust.
You feel strangely unstable.
It was a scroll of teleportation.
The death yak gores you!!
You die...

###
###############.#
#.@YY.Y.........#
#รท#############.#
#.# #.# #.# #Y#
#.# #Y# #.# #.#
#.# #.# #.# #.#
###.# #.#


You could see 3 death yaks.

Vanquished Creatures
  Grinder (D:6)
  A hungry ghost (D:7)
  2 sky beasts
  An orc warrior (D:7)
  3 ogres
  2 centaurs
  A bullfrog (D:7)
  6 scorpions
  A jelly (D:5)
  A centaur zombie (D:8)
  A hound (D:7)
  3 bullfrog skeletons
  2 orc priests
  3 orc wizards
  2 iguanas
  2 worker ants
  A worker ant zombie (D:3)
  4 gnolls
  8 adders
  2 adder skeletons
  3 worms
  2 dart slugs (D:1)
  2 leopard geckos (D:3)
  20 orcs
  7 bats
  2 bat zombies (D:7)
  8 giant cockroaches
  6 hobgoblins
  6 jackals (D:2)
  6 kobolds
  6 quokkas
  3 ball pythons
  3 frilled lizards
  6 goblins
  A jackal skeleton (D:4)
  A leopard gecko skeleton (D:6)
  10 rats
  A rat zombie (D:7)
140 creatures vanquished.

Notes
Turn   | Place    | Note
-------+----------+-------------------------------------------
     0 | D:1      | MalarOregon the Merfolk Skald began the quest for the Orb.
     0 | D:1      | Reached XP level 1. HP: 16/16 MP: 3/3
   309 | D:1      | Reached XP level 2. HP: 23/23 MP: 5/5
   723 | D:1      | Reached XP level 3. HP: 20/28 MP: 6/6
  1811 | D:3      | Reached XP level 4. HP: 34/34 MP: 7/7
  1868 | D:3      | Reached skill level 4 in Polearms
  1868 | D:3      | Reached skill level 1 in Throwing
  1868 | D:3      | Reached skill level 1 in Armour
  1891 | D:3      | Reached XP level 5. HP: 21/41 MP: 8/8
  1933 | D:3      | Found a shattered altar of Ashenzari.
  2127 | D:3      | Found a glowing golden altar of the Shining One.
  2453 | D:4      | Reached XP level 6. HP: 37/47 MP: 9/9
  3023 | D:4      | Found a shimmering altar of Xom.
  3384 | D:4      | Reached skill level 5 in Polearms
  3436 | D:4      | Found a radiant altar of Vehumet.
  3440 | D:4      | Found a sparkling altar of Nemelex Xobeh.
  3441 | D:4      | Found a basalt altar of Yredelemnul.
  3453 | D:4      | Found a stormy altar of Qazlal.
  3456 | D:4      | Found a sacrificial altar of Ru.
  3534 | D:5      | Entered Level 5 of the Dungeon
  3617 | D:5      | Reached XP level 7. HP: 42/54 MP: 11/11
  3648 | D:5      | Found a white marble altar of Elyvilon.
  3686 | D:5      | Found a staircase to the Ecumenical Temple.
  3708 | D:5      | Reached skill level 5 in Dodging
  3775 | D:5      | Reached skill level 6 in Polearms
  4216 | D:5      | Reached XP level 8. HP: 42/61 MP: 12/12
  5058 | D:6      | Reached skill level 5 in Fighting
  5071 | D:6      | Got a bloodstained war axe
  5072 | D:6      | Identified the +7 war axe of Lothrola {chop, *Drain Str+4}
                  | (You found it on level 6 of the Dungeon)
  5260 | D:6      | Noticed Grinder
  5265 | D:6      | Paralysed by Grinder for 3 turns
  5275 | D:6      | Killed Grinder
  5275 | D:6      | Reached skill level 7 in Polearms
  5764 | D:6      | Noticed a moth of wrath
  5766 | D:6      | Found a bloodstained altar of Trog.
  5860 | D:6      | Learned a level 2 spell: Shroud of Golubria
  5864 | D:6      | Learned a level 3 spell: Spectral Weapon
  5868 | D:6      | Learned a level 3 spell: Regeneration
  5972 | D:7      | Found Xedi's Antique Armour Boutique.
  6011 | D:7      | Reached skill level 5 in Charms
  6298 | D:7      | Reached XP level 9. HP: 69/69 MP: 14/14
  6321 | D:7      | Found an ancient bone altar of Kikubaaqudgha.
  6774 | D:7      | Reached skill level 8 in Polearms
  6878 | Temple   | Entered the Ecumenical Temple
  7329 | D:8      | Noticed a death yak
  7330 | D:8      | Noticed a death yak
  7343 | D:8      | Noticed a death yak
  7414 | D:8      | Slain by a death yak

Skill      XL: |  1  2  3  4  5  6  7  8  9 |
---------------+----------------------------+-----
Dodging        | 3 4 5 7 |  7.4
Fighting       | 3 4 5 6 |  6.1
Polearms       | 4 5 6 7 8 |  8.2
Throwing       | 1 2 3 |  3.5
Armour         | 1 2 |  2.7
Charms         | 4 5 |  5.0
Spellcasting   | 3 |  3.8

Action                   |  1- 3 |  4- 6 |  7- 9 || total
-------------------------+-------+-------+-------++-------
Melee: Spear             |    77 |       |       ||    77
       Trident           |    16 |   140 |    79 ||   235
       War axe           |       |       |    95 ||    95
Throw: Javelin           |    17 |    13 |    15 ||    45
       Tomahawk          |    21 |    28 |    21 ||    70
  Use: Scroll            |       |       |     7 ||     7
 Stab: Sleeping          |     2 |     2 |     3 ||     7
  Eat: Chunk             |     3 |     6 |     8 ||    17
       Ration            |       |       |     2 ||     2
Armor: Leather armour    |    17 |    22 |    31 ||    70
Dodge: Dodged            |    39 |    83 |   130 ||   252
